 Dungeon Crawl Stone Soup version 0.20.0 (webtiles) character file.

840 SpeedrunTech the Cleaver (level 7, -2/99 HPs)
             Began as a Minotaur Berserker on June 11, 2017.
             Was a Believer of Trog.
             Slain by a porcupine (7 damage)
             ... on level 8 of the Dungeon.
             The game lasted 00:01:02 (1361 turns).

SpeedrunTech the Cleaver (Minotaur Berserker)       Turns: 1361, Time: 00:01:02

Health: -2/99      AC:  8    Str: 27    XL:     7   Next: 67%
Magic:  6/6        EV:  9    Int:  4    God:    Trog [**....]
Gold:   51         SH:  0    Dex: 11    Spells: 6/6 levels left

rFire    . . .     SeeInvis .   a - +0 hand axe
rCold    + . .     Gourm    .   (no shield)
rNeg     . . .     Faith    .   e - +0 chain mail
rPois    .         Spirit   .   (helmet restricted)
rElec    .         Reflect  .   (no cloak)
rCorr    .         Harm     .   (no gloves)
MR       ++...                  (no boots)
Stlth    ..........             (no amulet)
Regen    1.3/turn               i - ring of protection from cold
MPRegen  0.1/turn               (no ring)

@: berserking (expiring), starving, regenerating, very quick
A: retaliatory headbutt, horns 2
a: Berserk, Trog's Hand, Burn Spellbooks, Renounce Religion


You were on level 8 of the Dungeon.
You worshipped Trog.
Trog was pleased with you.
You were starving.

You visited 1 branch of the dungeon, and saw 8 of its levels.

You collected 51 gold pieces.

Inventory:

Hand Weapons
 a - a +0 hand axe (weapon)
Armour
 e - a +0 chain mail (worn)
Jewellery
 b - a +3 ring of strength {unknown}
 i - a ring of protection from cold (left hand)
Scrolls
 d - 2 scrolls of teleportation {unknown}
 f - 2 scrolls of identify {unknown}
Potions
 h - a potion of degeneration {unknown}
 j - a potion of resistance {unknown}
 k - a potion of curing {unknown}
Comestibles
 c - a bread ration
 g - 2 meat rations


   Skills:
 + Level 7.0 Fighting
 * Level 9.2 Axes
 - Level 2.4 Armour
 - Level 2.1 Dodging


You had 6 spell levels left.
You didn't know any spells.

Dungeon Overview and Level Annotations

Branches:
Dungeon (8/15)               Lair (0/6) D:8
 Temple: D:4-7

Altars:
Xom
Zin
The Shining One

Portals:
Ossuary: D:4


Innate Abilities, Weirdness & Mutations

You reflexively headbutt those who attack you in melee.
You have a pair of horns on your head.


Message History

The bullfrog hits the plant.
The porcupine bites you but does no damage.
You are too injured to fight recklessly!
You hit the plant but do no damage.
The plant is moderately damaged.
You slash the fungus!
You destroy the fungus!
You are struck by the porcupine's spines.
* * * LOW HITPOINT WARNING * * *
You hit the porcupine. You hit the fungus.
The porcupine bites the plant. x2
The bullfrog hits the fungus.
Unknown command.
You hit the plant but do no damage.
The plant is moderately damaged.
You are struck by the porcupine's spines.
* * * LOW HITPOINT WARNING * * *
You hit the porcupine. You slash the fungus!
The bullfrog hits the plant but does no damage.
The porcupine bites you!
You die...
PPrPPPP......# PPPP.P.PPP.P.# .PP.P.PPPP...# P.>.PP.PPP...## PPPP..FP.P....# .PP.FrPP.PP...#

P.P.PPPP......#
P..PPP.@r..P.#
.PPP.P.†...#.#
.P...........#
...P..##.#####
?#(#.#...#### #
#.#.##...# #...
#...#
#.####...# #.
#.....#


You could see 2 bullfrogs and 3 porcupines.

Vanquished Creatures
  A black bear (D:8)
  A sky beast (D:6)
  2 orc warriors (D:6)
  A centaur (D:6)
  A bullfrog (D:6)
  3 hounds
  A jelly (D:8)
  2 orc wizards
  An orc priest (D:4)
  A bullfrog skeleton (D:8)
  A worker ant (D:5)
  A hound zombie (D:6)
  A hound skeleton (D:5)
  2 adders
  A shadow imp (D:5)
  2 leopard geckos
  7 orcs
  A goblin (D:1)
  A ball python (D:1)
  3 bats
  A frilled lizard (D:1)
  A kobold (D:1)
  A rat (D:1)
  A fungus (D:8)
38 creatures vanquished.

Notes
Turn   | Place    | Note
-------+----------+-------------------------------------------
     0 | D:1      | SpeedrunTech the Minotaur Berserker began the quest for the Orb.
     0 | D:1      | Reached XP level 1. HP: 19/19 MP: 0/0
   158 | D:2      | Found a glowing golden altar of the Shining One.
   181 | D:2      | Reached skill level 4 in Axes
   181 | D:2      | Reached XP level 2. HP: 21/27 MP: 1/1
   287 | D:3      | Found a glowing silver altar of Zin.
   354 | D:4      | Reached XP level 3. HP: 25/34 MP: 2/2
   358 | D:4      | Reached skill level 5 in Axes
   358 | D:4      | Reached XP level 4. HP: 28/41 MP: 3/3
   428 | D:4      | Found a sand-covered staircase.
   538 | D:5      | Entered Level 5 of the Dungeon
   549 | D:5      | Reached skill level 5 in Fighting
   573 | D:5      | Reached skill level 6 in Axes
   573 | D:5      | Reached XP level 5. HP: 45/48 MP: 4/4
   644 | D:5      | Found a shimmering altar of Xom.
   695 | D:6      | Noticed a centaur
   703 | D:6      | Killed a centaur
   703 | D:6      | Reached skill level 7 in Axes
   703 | D:6      | Reached XP level 6. HP: 29/56 MP: 5/5
   822 | D:6      | Noticed an orc warrior
   827 | D:6      | Noticed an orc warrior
   828 | D:6      | Killed an orc warrior
   832 | D:6      | Reached ** piety under Trog
   835 | D:6      | Noticed a sky beast
   836 | D:6      | Killed an orc warrior
   836 | D:6      | Reached skill level 8 in Axes
   836 | D:6      | Reached XP level 7. HP: 64/64 MP: 6/6
  1285 | D:8      | Reached skill level 9 in Axes
  1344 | D:8      | Found a staircase to the Lair.
  1360 | D:8      | HP: 7/99 [porcupine's spines (13)]
  1361 | D:8      | Slain by a porcupine

Skill      XL: |  1  2  3  4  5  6  7 |
---------------+----------------------+-----
Fighting       | 4 5 6 7 |  7.0
Axes           | 4 5 6 7 8 9 |  9.2
Armour         | |  2.4
Dodging        | |  2.1

Action                   |  1- 3 |  4- 6 |  7- 9 || total
-------------------------+-------+-------+-------++-------
Melee: Hand axe          |    24 |    40 |    41 ||   105
       Headbutt          |     1 |     7 |     7 ||    15
Invok: Berserk           |     1 |     3 |     1 ||     5
       Burn Spellbooks   |       |       |     1 ||     1
       Trog's Hand       |       |       |     1 ||     1
  Eat: Chunk             |       |     2 |     2 ||     4
Armor: Chain mail        |    16 |    27 |    28 ||    71
       Animal skin       |     1 |       |       ||     1
Dodge: Dodged            |    10 |    22 |    14 ||    46
